 Dungeon Crawl Stone Soup version 0.21.0-3-g78d12a8 (webtiles) character file.

75068 microfolk the Warrior (level 15, -4/103 HPs)
             Began as a Gargoyle Fighter on Jan 9, 2018.
             Was an Elder of Okawaru.
             Slain by an orc warrior
             ... wielding a +0 war axe
              (10 damage)
             ... on level 1 of the Orcish Mines on Jan 10, 2018.
             The game lasted 01:33:36 (29408 turns).

microfolk the Warrior (Gargoyle Fighter)           Turns: 29408, Time: 01:33:36

Health: -4/103     AC: 41    Str: 23      XL:     15   Next: 48%
Magic:  21/21      EV: 10    Int:  9 (11) God:    Okawaru [****..]
Gold:   2505       SH: 11    Dex: 14      Spells: 12/14 levels left

rFire    x . .     SeeInvis .   m - +3 flail (protect)
rCold    + + .     Gourm    .   p - +0 shield of Gehenna {rElec}
rNeg     + . .     Faith    .   E - +1 ice dragon scales
rPois    ∞         Spirit   .   (no helmet)
rElec    +         Reflect  .   j - +0 cloak
rCorr    .         Harm     .   a - +2 pair of gloves of Vexation {Dex+4 Stlth+}
MR       +....                  C - +0 pair of boots
Stlth    +.........             (no amulet)
HPRegen  0.27/turn              (no ring)
MPRegen  0.17/turn              (no ring)

@: protection aura
A: big wings, deterioration 1, negative energy resistance 1, electricity
resistance, unbreathing, petrification resistance, rot immunity, AC +11
a: Fly, Heroism, Renounce Religion


You were on level 1 of the Orcish Mines.
You worshipped Okawaru.
Okawaru was greatly pleased with you.
You were hungry.

You visited 4 branches of the dungeon, and saw 21 of its levels.

You collected 2505 gold pieces.

Inventory:

Hand Weapons
 m - a +3 flail of protection (weapon)
 R - a +4 flail
Armour
 a - the +2 pair of gloves of Vexation (worn) {Dex+4 Stlth+}
   (Okawaru gifted it to you on level 5 of the Lair of Beasts)

   It affects your dexterity (+4).
   It makes you more stealthy.
 b - a +2 plate armour of fire resistance
 c - a +0 shield
 j - a +0 cloak (worn)
 p - the +0 shield of Gehenna (worn) {rElec}
   (You found it on level 4 of the Dungeon)

   It insulates you from electricity.
 w - a +0 helmet
 C - a +0 pair of boots (worn)
 D - a +2 scale mail of fire resistance
 E - +1 ice dragon scales (worn)
 J - a +0 large shield
Jewellery
 h - an uncursed amulet of rage
 s - an uncursed amulet of the gourmand {unknown}
 u - an uncursed ring of ice {unknown}
 G - an uncursed ring of protection from magic {unknown}
 H - an uncursed ring of wizardry {unknown}
 M - a +3 ring of slaying {unknown}
 O - an uncursed ring of poison resistance {unknown}
 T - an uncursed amulet of harm {unknown}
 U - a +5 ring of evasion {unknown}
 V - an uncursed ring of fire {unknown}
 Z - an uncursed ring of ice {unknown}
Wands
 i - a wand of flame (27)
 l - a wand of paralysis (11)
 x - a wand of enslavement (27)
 K - a wand of iceblast (10)
 Y - a wand of clouds (5)
Scrolls
 g - 2 scrolls of fog
 o - 6 scrolls of enchant weapon
 q - 2 scrolls of immolation
 t - 2 scrolls of teleportation
 v - a scroll of fear {unknown}
 y - a scroll of random uselessness {unknown}
 A - 2 scrolls of magic mapping
 F - a scroll of blinking
 I - 2 scrolls of vulnerability
 L - a scroll of identify
 Q - a scroll of summoning {unknown}
 X - a scroll of enchant armour
Potions
 d - a potion of might
 e - a potion of agility
 k - 3 potions of lignification
 n - 2 potions of cancellation
 r - 6 potions of curing
 z - 2 potions of haste
 B - 2 potions of mutation
 P - 2 potions of resistance {unknown}
 S - a potion of invisibility {unknown}
 W - 2 potions of heal wounds {unknown}
Comestibles
 f - 38 rations
 N - 17 chunks of flesh


   Skills:
 + Level 15.6 Fighting
 - Level 14.0 Maces & Flails
 + Level 15.1 Armour
 + Level 3.6 Dodging
 - Level 8.0 Shields
 - Level 9.0 Invocations


You had 12 spell levels left.
You knew the following spells:

 Your Spells              Type           Power        Failure   Level  Hunger
a - Blink                 Tloc           N/A          97%         2    ###....


Dungeon Overview and Level Annotations

Branches:
Dungeon (12/15)            Temple (1/1) D:7            Lair (6/6) D:8
  Swamp (0/4) Lair:2        Snake (0/4) Lair:3        Slime (0/5) Lair:5
    Orc (2/2) D:10            Elf (0/3) Orc:2

Altars:
Ashenzari
Cheibriados
Dithmenos
Elyvilon
Fedhas
Gozag
Hepliaklqana
Kikubaaqudgha
Makhleb
Nemelex Xobeh
Okawaru
Qazlal
Ru
Sif Muna
Trog
Uskayaw
Vehumet
Wu Jian
Xom
Yredelemnul
Zin
The Shining One
Beogh
Jiyva

Shops:
Orc:2 (=

Annotations:
D:2 exclusion: downstairs
D:3 Natasha, Robin
D:7 exclusion: 2 doors
Lair:3 exclusion: 2 oklob plants, Mgcat's ghost, journeyman HuBe; Rupert
Lair:5 1 runed door, 1 exclusion
Orc:2 Saint Roka


Innate Abilities, Weirdness & Mutations

You are resistant to torment.
Your stone body is resilient. (AC +11)
You are immune to poison.
Your large and strong wings let you fly indefinitely.
You resist negative energy. (rN+)
You are resistant to electric shocks. (rElec)
You can survive without breathing.
You are immune to petrification.
You are immune to rotting.
Your body sometimes deteriorates upon taking damage.


Message History

* * * LOW HITPOINT WARNING * * *
The orc warrior hits you but does no damage. x2
You hit the orc warrior.
The orc warrior is almost dead.
The orc hits you but does no damage. You block the orc warrior's attack.
You hit the orc warrior.
The orc warrior is almost dead.
The orc warrior hits you but does no damage. x2
You block the orc's attack.
You closely miss the orc warrior.
The orc warrior is almost dead.
You block the orc warrior's attack. The orc warrior barely misses you.
You thump the orc warrior!
You kill the orc warrior!
Okawaru accepts your kill. You block the orc warrior's attack.
The orc hits you but does no damage.
You bludgeon the orc warrior!!
The orc warrior is almost dead.
The orc warrior hits you with a war axe!
You die...

#....#....##
.#......###
###.....#
..##...##
....#.##
.....##
....## #####
..### ##)..#
..## #>@o.#
...## #oo...#
....#
.$..#...#
#...#
#.....#.....#
....# ###....
...## ...##
##......##
..## #.... ##
...## ###..#
....##


You could see 2 orc warriors and an orc.

Vanquished Creatures
  Gastronok (D:10)
  2 orc warlords (D:10)
  The ghost of Gorglomux the Fighter, a journeyman FoGl of Okawaru (D:12)
  Erolcha (Orc:1)
  Fannar (D:10)
  The ghost of Regeox the Cruncher, a journeyman DsGl of Okawaru (D:11)
  8 hydras
  The ghost of Brandom the Arsonist, a novice DrFE of Vehumet (D:12)
  2 catoblepae
  2 two-headed ogres
  11 death yaks
  A queen ant (D:8)
  An orc high priest (Orc:2)
  Nergalle (Lair:3)
  2 unseen horrors (D:11)
  2 orc sorcerers
  An ugly thing (D:11)
  An orc knight (Orc:2)
  4 elephants (Lair:5)
  6 black mambas
  A gargoyle (D:11)
  25 spiny frogs
  5 rime drakes
  9 komodo dragons
  4 trolls
  A queen bee (Lair:1)
  A polar bear (Lair:3)
  4 tyrant leeches (Lair:6)
  16 blink frogs
  9 hippogriffs
  A shadow (D:12)
  3 wyverns
  4 hogs (D:7)
  A human (D:7)
  A hungry ghost (D:10)
  2 basilisks (Lair:5)
  29 yaks
  A steam dragon (D:12)
  6 vampire mosquitoes
  A chaos spawn (D:10)
  8 wargs
  Menkaure (D:7)
  3 nagas (Lair:3)
  6 soldier ants (D:8)
  6 porcupines
  17 water moccasins
  6 ice beasts
  40 orc warriors
  2 sky beasts
  A black bear (D:11)
  2 phantoms (D:6)
  A necrophage (D:10)
  10 ogres
  9 centaurs
  15 crocodiles
  4 big kobolds
  29 bullfrogs
  A gnoll sergeant (Orc:1)
  2 wyvern zombies
  5 scorpions
  19 killer bees (Lair:1)
  6 howler monkeys
  17 wights
  4 electric eels
  9 crimson imps
  A bullfrog zombie (D:7)
  A quasit (D:11)
  5 hounds
  27 orc priests
  4 centaur skeletons
  3 jellies
  29 orc wizards
  2 bullfrog skeletons (D:12)
  3 iguanas
  Natasha (twice) (D:3)
  Terence (D:3)
  A gnoll shaman (D:9)
  30 worker ants
  2 hound zombies
  2 hound skeletons
  2 worker ant zombies (D:9)
  16 gnolls
  A howler monkey skeleton (D:8)
  12 adders
  An ooze (D:4)
  An adder zombie (D:5)
  3 worms (D:3)
  4 dart slugs
  6 leopard geckos
  125 orcs
  9 bats
  8 giant cockroaches
  12 goblins
  9 hobgoblins
  17 jackals
  8 quokkas
  4 ball pythons
  10 frilled lizards
  2 gnoll zombies (D:6)
  2 jackal skeletons
  24 kobolds
  A quokka skeleton (D:4)
  2 quokka zombies
  4 rats (D:3)
  A fungus (Lair:3)
  3 plants
797 creatures vanquished.

Vanquished Creatures (others)
  A bush (Lair:5)
  20 fungi
  40 plants
61 creatures vanquished.

Grand Total: 858 creatures vanquished

Notes
Turn   | Place    | Note
-------+----------+-------------------------------------------
     0 | D:1      | microfolk the Gargoyle Fighter began the quest for the Orb.
     0 | D:1      | Reached XP level 1. HP: 14/14 MP: 1/1
   160 | D:1      | Reached XP level 2. HP: 19/19 MP: 2/2
   311 | D:1      | Reached XP level 3. HP: 23/23 MP: 3/3
  1383 | D:2      | Found a shimmering altar of Xom.
  1744 | D:3      | Reached XP level 4. HP: 29/29 MP: 4/4
  1808 | D:3      | Noticed Robin
  2417 | D:3      | Reached XP level 5. HP: 33/33 MP: 5/5
  2547 | D:3      | Noticed Natasha
  2568 | D:3      | Killed Natasha
  2658 | D:3      | Found a glowing golden altar of the Shining One.
  2711 | D:3      | Noticed Natasha
  2717 | D:3      | Killed Natasha
  2857 | D:3      | Noticed Terence
  2875 | D:3      | Killed Terence
  3303 | D:3      | Noticed Natasha
  3309 | D:2      | Reached XP level 6. HP: 6/39 MP: 6/6
  3865 | D:4      | Found a shadowy altar of Dithmenos.
  4127 | D:4      | Got a smoking shield
  4370 | D:5      | Entered Level 5 of the Dungeon
  4465 | D:5      | Reached skill level 5 in Armour
  4607 | D:5      | Reached skill level 5 in Fighting
  4607 | D:5      | Reached skill level 5 in Shields
  4607 | D:5      | Reached XP level 7. HP: 44/44 MP: 7/7
  4707 | D:5      | Identified the cursed +0 shield of Gehenna {rElec} (You found it on level 4 of the Dungeon)
  5805 | D:6      | Reached XP level 8. HP: 51/51 MP: 8/8
  5947 | D:6      | Reached skill level 5 in Maces & Flails
  5975 | D:6      | Found an opulent altar of Gozag.
  6441 | D:6      | Found a basalt altar of Yredelemnul.
  6672 | D:7      | Found a staircase to the Ecumenical Temple.
  6687 | Temple   | Entered the Ecumenical Temple
  6935 | Temple   | Became a worshipper of Warmaster Okawaru
  7507 | D:7      | Reached XP level 9. HP: 52/56 MP: 9/9
  7523 | D:7      | Reached * piety under Okawaru
  7567 | D:7      | Learned a level 2 spell: Blink
  7689 | D:7      | Noticed Menkaure
  7703 | D:7      | Killed Menkaure
  7779 | D:7      | Reached ** piety under Okawaru
  7851 | D:7      | Reached skill level 1 in Invocations
  8073 | D:8      | Found a staircase to the Lair.
  8107 | D:8      | Reached XP level 10. HP: 54/64 MP: 7/11
  8655 | D:8      | Noticed a two-headed ogre
  8659 | D:8      | Noticed a queen ant
  9954 | D:10     | Entered Level 10 of the Dungeon
 10082 | D:10     | Found a roughly hewn altar of Beogh.
 10406 | D:10     | Reached *** piety under Okawaru
 10406 | D:10     | Reached skill level 5 in Invocations
 10537 | D:10     | Reached XP level 11. HP: 71/71 MP: 11/14
 10629 | D:10     | Noticed Fannar
 10670 | D:10     | Killed Fannar
 10670 | D:10     | Reached **** piety under Okawaru
 10670 | D:10     | Reached skill level 10 in Fighting
 10670 | D:10     | Reached skill level 10 in Armour
 10702 | D:11     | Noticed Regeox's ghost (journeyman DsGl)
 11060 | D:10     | Noticed Gastronok
 11239 | Lair:1   | Entered Level 1 of the Lair of Beasts
 11912 | Lair:1   | Noticed a seven-headed hydra
 11924 | Lair:1   | Killed a seven-headed hydra
 12347 | Lair:1   | Received a gift from Okawaru
 12347 | Lair:1   | Reached XP level 12. HP: 52/79 MP: 15/17
 12694 | Lair:1   | Reached skill level 10 in Maces & Flails
 13133 | Lair:2   | Noticed a five-headed hydra
 13133 | Lair:2   | Noticed a catoblepas
 13151 | Lair:1   | Killed a catoblepas
 13220 | Lair:2   | Killed a five-headed hydra
 13524 | Lair:2   | You fall through a shaft!
 13524 | Lair:3   | Noticed a catoblepas
 13530 | Lair:2   | Found a staircase to the Swamp.
 14247 | Lair:3   | Noticed Nergalle
 14263 | Lair:3   | Killed Nergalle
 14263 | Lair:3   | Reached ***** piety under Okawaru
 14300 | Lair:3   | Killed a catoblepas
 14459 | Lair:3   | Noticed Mgcat's ghost (journeyman HuBe)
 14709 | Lair:3   | Found a staircase to the Snake Pit.
 14944 | Lair:3   | Noticed Rupert
 14945 | Lair:3   | Paralysed by Rupert for 6 turns
 16354 | Lair:4   | Reached XP level 13. HP: 64/86 MP: 17/19
 17100 | Lair:5   | Found a runed door.
 17101 | Lair:5   | Found a viscous altar of Jiyva.
 17101 | Lair:5   | Noticed an azure jelly
 17101 | Lair:5   | Noticed an azure jelly
 17102 | Lair:5   | Found a staircase to the Slime Pits.
 17102 | Lair:5   | Noticed an azure jelly
 17102 | Lair:5   | Noticed an azure jelly
 17422 | Lair:6   | Entered Level 6 of the Lair of Beasts
 17490 | Lair:5   | Received a gift from Okawaru
 19529 | Lair:5   | Received a gift from Okawaru
 19529 | Lair:5   | Gained mutation: Your large and strong wings let you fly indefinitely. [Gargoyle growth]
 19529 | Lair:5   | Reached XP level 14. HP: 94/95 MP: 17/20
 19532 | Lair:5   | Got a pair of pitted gloves {god gift}
 19538 | Lair:5   | Identified the +2 pair of gloves of Vexation {Dex+4 Stlth+} (Okawaru gifted it to you on level 5 of the Lair of Beasts)
 21658 | D:8      | Received a gift from Okawaru
 23149 | D:11     | Killed Regeox's ghost
 24293 | D:12     | Noticed Gorglomux's ghost (journeyman FoGl)
 24343 | D:12     | Killed Gorglomux's ghost
 24555 | D:12     | Noticed Brandom's ghost (novice DrFE)
 24594 | D:12     | Killed Brandom's ghost
 24594 | D:12     | Reached skill level 15 in Fighting
 24594 | D:12     | Reached skill level 15 in Armour
 24621 | D:12     | Reached XP level 15. HP: 101/103 MP: 19/21
 25168 | D:12     | Reached skill level 1 in Dodging
 25356 | D:10     | Found a shimmering altar of Xom.
 25357 | D:10     | Found the -4 mace of Variability {chaos}
 25399 | D:10     | Found a staircase to the Orcish Mines.
 25408 | Orc:1    | Entered Level 1 of the Orcish Mines
 25418 | Orc:1    | Noticed an orc warlord
 25559 | Orc:1    | Noticed an orc warlord
 25599 | D:10     | Killed an orc warlord
 25957 | D:10     | Killed Gastronok
 26084 | D:10     | Killed an orc warlord
 26409 | Orc:1    | HP: 4/103 [orc priest/divine providence (11)]
 26439 | Orc:2    | Entered Level 2 of the Orcish Mines
 26441 | Orc:2    | Noticed Erolcha
 27162 | Orc:1    | Paralysed by Erolcha for 2 turns
 27178 | Orc:1    | Killed Erolcha
 28004 | Orc:2    | Found a roughly hewn altar of Beogh.
 28006 | Orc:2    | Found Vuojy's Jewellery Emporium.
 28175 | Orc:2    | Found a roughly hewn altar of Beogh.
 28293 | Orc:2    | Found a roughly hewn altar of Beogh.
 28424 | Orc:2    | Found a roughly hewn altar of Beogh.
 28470 | Orc:2    | Found a roughly hewn altar of Beogh.
 28482 | Orc:2    | Found Pithrehe's Antique Weapon Shop.
 28730 | Orc:2    | Gained mutation: Your body sometimes deteriorates upon taking damage. [a neqoxec]
 29084 | Orc:2    | Found a staircase to the Elven Halls.
 29370 | Orc:2    | Noticed Saint Roka
 29403 | Orc:1    | HP: 5/103 [orc/short sword (1)]
 29408 | Orc:1    | Slain by an orc warrior

Skill      XL: |  1  2  3  4  5  6  7  8  9 10 11 12 13 14 15 |
---------------+----------------------------------------------+-----
Armour         | 4 5 7 8 9 10 12 13 15 | 15.1
Fighting       | 4 5 6 8 9 10 12 13 15 | 15.6
Shields        | 4 5 6 8 |  8.0
Maces & Flails | 3 4 5 7 8 9 11 12 13 14 | 14.0
Invocations    | 2 5 7 8 9 |  9.0
Dodging        | 3 |  3.6

Action                   |  1- 3 |  4- 6 |  7- 9 | 10-12 | 13-15 || total
-------------------------+-------+-------+-------+-------+-------++-------
Melee: Flail             |   163 |   160 |   135 |   949 |  2293 ||  3700
       Mace              |       |    67 |   255 |       |       ||   322
Throw: Stone             |       |     6 |       |       |       ||     6
Invok: Heroism           |       |       |     5 |    49 |    61 ||   115
       Finesse           |       |       |       |       |     8 ||     8
Evoke: Wand              |       |       |       |     5 |     3 ||     8
  Use: Scroll            |     3 |     6 |     2 |    14 |     9 ||    34
       Potion            |       |       |       |       |     2 ||     2
  Eat: Chunk             |     3 |     9 |     8 |    18 |    30 ||    68
       Ration            |       |       |     2 |     2 |     5 ||     9
Armor: Scale mail        |   106 |   130 |    45 |       |       ||   281
       Ice dragon scales |       |       |   166 |   398 |  1053 ||  1617
Dodge: Dodged            |    59 |    62 |    86 |   289 |   644 ||  1140
Block: Shield            |    96 |   135 |   203 |   498 |  1158 ||  2090
